 Dungeon Crawl Stone Soup version 0.23.2-40-g277498a001 (webtiles) character file.

Game seed: 16506971115106149604

51172 Hylith the Peltast (level 14, 0/98 HPs)
             Began as a Gargoyle Fighter on Aug 13, 2019.
             Was the Champion of Makhleb.
             Killed from afar by Jorgrun (20 damage)
             ... with a blast of rock fragments
             ... on level 1 of the Orcish Mines.
             The game lasted 00:37:48 (17868 turns).

Hylith the Peltast (Gargoyle Fighter)              Turns: 17868, Time: 00:37:50

Health: 0/98       AC: 27    Str: 24    XL:     14   Next: 58%
Magic:  14/14      EV:  7    Int: 10    God:    Makhleb [******]
Gold:   1327       SH: 15    Dex:  9    Spells: 5/13 levels left

rFire    + . .     SeeInvis .   g - +2 flail (venom)
rCold    + . .     Gourm    .   c - +1 shield
rNeg     + + .     Faith    .   a - +0 plate armour
rPois    ∞         Spirit   .   E - +0 helmet
rElec    +         Reflect  .   S - scarf {rC+ rF+}
rCorr    .         Harm     .   b - +0 pair of gloves
MR       +....                  t - +0 pair of boots
Stlth    ..........             C - amulet of regeneration
HPRegen  0.66/turn              i - +3 ring of evasion
MPRegen  0.14/turn              U - ring of positive energy

@: grasped by roots, constricted
A: big wings, negative energy resistance 1, electricity resistance, unbreathing,
petrification resistance, rot immunity, AC +10
a: Fly, Minor Destruction, Lesser Servant of Makhleb, Major Destruction, Greater
Servant of Makhleb, Renounce Religion


You were on level 1 of the Orcish Mines.
You worshipped Makhleb.
Makhleb was exalted by your worship.
You were not hungry.

You visited 3 branches of the dungeon, and saw 20 of its levels.
You also visited: Sewer.

You collected 1327 gold pieces.

Inventory:

Hand Weapons
 g - a +2 flail of venom (weapon)
Missiles
 e - 21 tomahawks (quivered)
Armour
 a - a +0 plate armour (worn)
 b - a +0 pair of gloves (worn)
 c - a +1 shield (worn)
 k - a +2 cloak
 t - a +0 pair of boots (worn)
 E - a +0 helmet (worn)
 S - a scarf of resistance (worn)
Jewellery
 i - a +3 ring of evasion (left hand)
 C - an amulet of regeneration (around neck)
 G - an uncursed ring of fire
 P - an uncursed ring of ice
 U - a ring of positive energy (right hand)
Wands
 r - a wand of scattershot (6)
 A - a wand of iceblast (2)
 F - a wand of random effects (16)
 I - a wand of enslavement (30)
 M - a wand of paralysis (8)
 N - a wand of polymorph (30)
Scrolls
 h - 4 scrolls of fog
 j - 4 scrolls of identify
 l - 5 scrolls of fear
 n - 6 scrolls of amnesia
 u - 5 scrolls of enchant armour
 v - 11 scrolls of remove curse
 y - 6 scrolls of teleportation
 B - a scroll of magic mapping
 H - 2 scrolls of vulnerability
 J - a scroll of enchant weapon
 L - a scroll of blinking
Potions
 d - 7 potions of curing
 m - 7 potions of haste
 o - 5 potions of heal wounds
 p - 4 potions of brilliance
 q - 3 potions of invisibility
 s - 4 potions of might
 w - 3 potions of agility
 x - 2 potions of flight
 z - 3 potions of lignification
 Q - a potion of magic {unknown}
 R - 2 potions of mutation
 V - a potion of ambrosia {unknown}
 W - a potion of resistance {unknown}
Miscellaneous
 D - a fan of gales
 K - a lightning rod (4/4)
Comestibles
 f - 50 rations
 T - 6 chunks of flesh


   Skills:
 + Level 15.0 Fighting
 + Level 14.4 Maces & Flails
 + Level 6.5 Armour
 - Level 15.0 Shields


You had 5 spell levels left.
You knew the following spells:

 Your Spells              Type           Power        Failure   Level  Hunger
d - Lee's Rapid Deconstr  Erth           #.........   100%        5    ######.
r - Regeneration          Chrm/Necr      #.........   100%        3    ####...

Your spell library contained the following spells:

 Spells                   Type           Power        Failure   Level  Hunger
 Animate Skeleton         Necr           N/A          99%         1    ##.....
 Confusing Touch          Hex            #.....       99%         1    ##.....
 Magic Dart               Conj           #...         99%         1    ##.....
 Pain                     Necr           #...         99%         1    ##.....
 Sandblast                Erth           #.....       99%         1    ##.....
 Passwall                 Tmut/Erth      #.......     100%        2    ###....
 Searing Ray              Conj           #.....       100%        2    ###....
 Call Canine Familiar     Summ           #.......     100%        3    ####...
 Confuse                  Hex            #.......     100%        3    ####...
 Dazzling Spray           Conj/Hex       #.....       100%        3    ####...
 Gell's Gravitas          Tloc           #.........   100%        3    ####...
 Mephitic Cloud           Conj/Pois/Air  #.......     100%        3    ####...
 Spectral Weapon          Hex/Chrm       #.......     100%        3    ####...
 Spider Form              Tmut/Pois      #.........   100%        3    ####...
 Static Discharge         Conj/Air       #.......     100%        3    ####...
 Stone Arrow              Conj/Erth      #.....       100%        3    ####...
 Vampiric Draining        Necr           #.........   100%        3    ####...
 Animate Dead             Necr           N/A          100%        4    #####..
 Force Lance              Conj/Tloc      #.......     100%        4    #####..
 Fulminant Prism          Conj/Hex       #.........   100%        4    #####..
 Iskenderun's Mystic Bla  Conj           #.......     100%        4    #####..
 Petrify                  Tmut/Erth      #.......     100%        4    #####..
 Lightning Bolt           Conj/Air       #.........   100%        5    ######.
 Metabolic Englaciation   Hex/Ice        #.........   100%        5    ######.
 Yara's Violent Unravell  Hex/Tmut       #.........   100%        5    ######.
 Ignition                 Fire           #.........   100%        8    #######
 Shatter                  Erth           #.........   100%        9    #######
 Tornado                  Air            #.........   100%        9    #######


Dungeon Overview and Level Annotations

Branches:
Dungeon (13/15)            Temple (0/1) D:7            Lair (6/6) D:11
  Swamp (0/4) Lair:3        Snake (0/4) Lair:4        Slime (0/5) Lair:5
    Orc (1/2) D:12         Vaults (0/5) D:13

Altars:
Makhleb
Ru
Vehumet
Zin

Shops:
D:5 !   D:6 [   Orc:1 *

Annotations:
D:13 Azrael
Orc:1 Jorgrun


Innate Abilities, Weirdness & Mutations

You are resistant to torment.
Your stone body is resilient. (AC +10)
You are immune to poison.
Your large and strong wings let you fly indefinitely.
You resist negative energy. (rN+)
You are resistant to electric shocks. (rElec)
You can survive without breathing.
You are immune to petrification.
You are immune to rotting.


Message History

The orc knight hits something with a +0 halberd!!
Makhleb accepts your kill.
You feel better.
You feel a bit more experienced.
The orc knight hits itself with a +0 halberd!!
Something hits Jorgrun but does no damage.
Jorgrun is engulfed in noxious fumes.
Jorgrun hits you but does no damage. The grasping roots constrict you.
You closely miss Jorgrun.
Jorgrun is heavily wounded.
The orc warrior is engulfed in noxious fumes.
The orc warrior appears confused.
Unknown command.
You closely miss Jorgrun.
Jorgrun is heavily wounded.
An orc wizard appears from thin air!
Reactivating autopickup.
Jorgrun is engulfed in noxious fumes.
Jorgrun points at you and mumbles some strange words.
The wall shatters!
The blast of rock fragments hits you!!
You die...

......#.##.##
......### #.......##
.........# ##
...#.....# #.#
...#....## #.#
.........## #.#
........#.### ##.#
............####@#
.#...........##g##
.............§oo##
............§§§§o#
.........#..§§#o##
..............### ##
.$.............####.##
.................#...#
..........#.##......#


You could see Jorgrun, an orc knight (confused), an orc warrior (confused) and
an orc wizard (confused).

Vanquished Creatures
  4 dire elephants (Lair:6)
  Fannar (D:11)
  6 hydras
  An anaconda (Lair:6)
  4 two-headed ogres
  4 death yaks
  The ghost of FishyPogo the Reanimator, a novice DDNe of Sif Muna (D:10)
  2 unseen horrors
  A lindwurm (Lair:2)
  2 ugly things (D:12)
  2 cyclopes
  4 black mambas
  8 elephants
  Joseph (D:7)
  8 spiny frogs
  An efreet (D:8)
  5 komodo dragons
  2 rime drakes
  A troll (Orc:1)
  A queen bee (Lair:3)
  A polar bear (Lair:6)
  14 blink frogs
  9 hippogriffs
  2 meliai zombies
  A spriggan (D:7)
  2 shadows
  4 wyverns
  A basilisk (Lair:6)
  17 yaks
  12 humans (D:13)
  Eustachio (D:5)
  4 fire elementals
  2 hungry ghosts
  A vampire mosquito (D:8)
  Edmund (D:4)
  3 wargs (D:12)
  2 soldier ants
  4 nagas (Lair:4)
  12 water moccasins
  10 porcupines
  Duvessa (D:6)
  An acid dragon (D:12)
  7 orc warriors
  Purgy (Sewer)
  2 ice beasts
  A black bear (D:8)
  3 sky beasts
  A phantom (D:11)
  6 ogres
  2 necrophages
  24 wolves (Lair:1)
  4 centaurs
  4 crocodiles
  A big kobold (D:11)
  17 bullfrogs
  3 scorpions
  Dowan (D:6)
  A water moccasin skeleton (D:7)
  4 wights (D:10)
  29 killer bees
  3 howler monkeys (D:8)
  3 centaur zombies
  2 bullfrog zombies
  8 crimson imps
  6 hounds
  6 jellies
  Crazy Yiuf (D:7)
  A bullfrog skeleton (D:12)
  3 orc priests
  11 orc wizards
  3 centaur skeletons
  Terence (D:2)
  3 iguanas
  14 worker ants
  A worker ant zombie (D:8)
  Robin (D:4)
  5 gnolls
  19 adders
  2 river rats (D:6)
  A shadow imp (D:12)
  An ooze (D:5)
  An adder skeleton (D:5)
  2 adder zombies
  5 worms
  2 dart slugs
  9 leopard geckos
  41 orcs
  15 bats
  7 giant cockroaches
  16 goblins
  14 hobgoblins
  8 jackals (D:2)
  7 quokkas
  2 ball pythons
  9 frilled lizards
  10 kobolds
  A quokka zombie (D:8)
  12 rats
  2 plants (Lair:6)
533 creatures vanquished.

Vanquished Creatures (others)
  A centaur warrior (D:13)
  8 fungi
  16 plants
25 creatures vanquished.

Grand Total: 558 creatures vanquished

Notes
Turn   | Place    | Note
-------+----------+-------------------------------------------
     0 | D:1      | Hylith the Gargoyle Fighter began the quest for the Orb.
     0 | D:1      | Reached XP level 1. HP: 14/14 MP: 1/1
   105 | D:1      | Reached XP level 2. HP: 20/20 MP: 2/2
   269 | D:1      | Reached XP level 3. HP: 15/24 MP: 3/3
  1360 | D:2      | Noticed Terence
  1436 | D:2      | Killed Terence
  1436 | D:2      | Reached XP level 4. HP: 8/29 MP: 4/4
  2011 | D:2      | Reached XP level 5. HP: 34/34 MP: 5/5
  2954 | D:3      | Reached skill level 5 in Armour
  3093 | D:3      | Reached skill level 5 in Fighting
  3669 | D:3      | Reached XP level 6. HP: 24/40 MP: 6/6
  3988 | D:4      | Found a radiant altar of Vehumet.
  3996 | D:4      | Noticed Robin
  4100 | D:4      | HP: 2/41 [Robin/wand of flame (7) (1)]
  4117 | D:4      | Killed Robin
  4418 | D:4      | Noticed Edmund
  4455 | D:4      | Killed Edmund
  4480 | D:4      | Found a burning altar of Makhleb.
  4480 | D:4      | Noticed a cacodemon
  4483 | D:4      | Noticed a neqoxec
  4483 | D:4      | Noticed a hellwing
  4485 | D:4      | Became a worshipper of Makhleb the Destroyer
  4507 | D:5      | Entered Level 5 of the Dungeon
  4507 | D:5      | Noticed a sky beast
  4514 | D:5      | Reached XP level 7. HP: 48/48 MP: 7/7
  4672 | D:5      | Noticed Eustachio
  4688 | D:5      | Killed Eustachio
  4693 | D:5      | Reached skill level 5 in Maces & Flails
  4757 | D:5      | Found Xefrag's Distillery.
  4769 | D:5      | Reached XP level 8. HP: 49/53 MP: 8/8
  5023 | D:6      | Reached * piety under Makhleb
  5082 | D:6      | Found Cuikovo's Antique Armour Shop.
  5451 | D:6      | Noticed Duvessa
  5451 | D:6      | Noticed Dowan
  5458 | D:6      | Killed Dowan
  5465 | D:6      | Killed Duvessa
  5505 | D:6      | Found a glowing drain.
  5509 | Sewer    | Entered a sewer
  5591 | Sewer    | Noticed Purgy
  5596 | Sewer    | Killed Purgy
  5596 | Sewer    | Reached ** piety under Makhleb
  5596 | Sewer    | Reached XP level 9. HP: 57/57 MP: 9/9
  6107 | D:7      | Found a staircase to the Ecumenical Temple.
  6296 | D:7      | Reached skill level 10 in Maces & Flails
  6346 | D:7      | Noticed Joseph
  6364 | D:7      | Killed Joseph
  6489 | D:7      | Found a runed translucent door.
  6490 | D:7      | Noticed Crazy Yiuf
  6497 | D:7      | Killed Crazy Yiuf
  6596 | D:8      | Noticed a two-headed ogre
  6620 | D:8      | Killed a two-headed ogre
  6620 | D:8      | Reached XP level 10. HP: 37/63 MP: 10/10
  7017 | D:8      | Reached *** piety under Makhleb
  7041 | D:8      | Noticed a two-headed ogre
  7050 | D:8      | Killed a two-headed ogre
  7063 | D:8      | Identified the +4 scale mail "Qanecemo" {-Tele rElec rPois
                  | MP+9}
  7066 | D:8      | Noticed a cyclops
  7085 | D:8      | Killed a cyclops
  7679 | D:9      | Found a glowing silver altar of Zin.
  7814 | D:9      | Reached skill level 5 in Shields
  7867 | D:9      | Reached XP level 11. HP: 67/67 MP: 11/11
  7874 | D:9      | Reached **** piety under Makhleb
  8099 | D:9      | Found a sacrificial altar of Ru.
  8557 | D:9      | Learned a level 5 spell: Lee's Rapid Deconstruction
  8574 | D:10     | Entered Level 10 of the Dungeon
  8766 | D:10     | Killed an unseen horror
  9037 | D:10     | Found a runed translucent door.
  9039 | D:10     | Noticed FishyPogo's ghost (novice DDNe)
  9161 | D:10     | Killed FishyPogo's ghost
  9624 | D:11     | Reached skill level 10 in Shields
  9682 | D:11     | Found a staircase to the Lair.
  9728 | D:11     | Noticed Fannar
  9769 | D:11     | Killed Fannar
  9771 | D:11     | Noticed an eight-headed hydra
  9792 | D:11     | Killed an eight-headed hydra
  9865 | D:11     | Reached ***** piety under Makhleb
 10386 | D:12     | Found a staircase to the Orcish Mines.
 10466 | D:12     | Reached XP level 12. HP: 68/72 MP: 12/12
 10482 | D:12     | Noticed a two-headed ogre
 10500 | D:12     | Killed a two-headed ogre
 11154 | D:13     | Noticed Azrael
 11154 | D:13     | Noticed a centaur warrior
 11338 | D:13     | Found a gate to the Vaults.
 11465 | D:13     | Killed a centaur warrior
 11544 | D:13     | Noticed a two-headed ogre
 11544 | D:13     | Noticed a tengu warrior
 11571 | D:13     | Killed a two-headed ogre
 11631 | Lair:1   | Entered Level 1 of the Lair of Beasts
 11894 | Lair:1   | Reached XP level 13. HP: 80/80 MP: 13/13
 12247 | Lair:1   | Reached skill level 10 in Fighting
 13122 | Lair:2   | Reached skill level 15 in Shields
 13170 | Lair:2   | Reached ****** piety under Makhleb
 13469 | Lair:3   | Found a staircase to the Swamp.
 14221 | Lair:3   | Got a wizard robe
 14232 | Lair:3   | Identified the cursed +1 robe "Ommomm" {rF- Str+4 Int+4
                  | Stlth+} (You found it on level 3 of the Lair of Beasts)
 14284 | Lair:4   | Found a staircase to the Snake Pit.
 14639 | Lair:4   | Gained mutation: Your large and strong wings let you fly
                  | indefinitely. [Gargoyle growth]
 14639 | Lair:4   | Reached XP level 14. HP: 95/95 MP: 14/14
 15574 | Lair:5   | Found a staircase to the Slime Pits.
 15785 | Lair:5   | Learned a level 3 spell: Regeneration
 16002 | Lair:6   | Entered Level 6 of the Lair of Beasts
 16146 | Lair:6   | Got a fabulously ornate robe
 16157 | Lair:6   | Identified the cursed +0 robe "Attaudac" {Str+2} (You found
                  | it on level 6 of the Lair of Beasts)
 17004 | Lair:6   | Noticed a dire elephant
 17020 | Lair:6   | Killed a dire elephant
 17160 | Lair:6   | Noticed a dire elephant
 17184 | Lair:6   | Killed a dire elephant
 17376 | Lair:6   | Noticed a dire elephant
 17376 | Lair:6   | Noticed a dire elephant
 17395 | Lair:6   | Killed a dire elephant
 17395 | Lair:6   | Reached skill level 15 in Fighting
 17405 | Lair:6   | Killed a dire elephant
 17485 | Lair:6   | Identified Jitiola Feus's Easy Rites and Rhymes
 17680 | Orc:1    | Entered Level 1 of the Orcish Mines
 17680 | Orc:1    | Found Tyas's General Store.
 17833 | Orc:1    | Noticed Jorgrun
 17868 | Orc:1    | Killed from afar by Jorgrun

Skill      XL: |  1  2  3  4  5  6  7  8  9 10 11 12 13 14 |
---------------+-------------------------------------------+-----
Fighting       | 4 5 7 9 13 15 | 15.0
Shields        | 4 5 11 14 15 | 15.0
Armour         | 4 5 6 |  6.5
Maces & Flails | 5 9 12 14 | 14.4

Action                   |  1- 3 |  4- 6 |  7- 9 | 10-12 | 13-15 || total
-------------------------+-------+-------+-------+-------+-------++-------
Melee: Flail             |    51 |     5 |   307 |  1066 |   932 ||  2361
       Dagger            |   342 |  1037 |       |       |       ||  1379
Throw: Tomahawk          |       |       |       |     4 |       ||     4
Evoke: Wand              |       |     1 |     1 |     8 |     3 ||    13
  Use: Scroll            |     4 |     9 |     4 |     8 |     6 ||    31
       Potion            |     1 |     1 |       |     4 |       ||     6
  Eat: Chunk             |     2 |    13 |     4 |    13 |    18 ||    50
       Ration            |       |       |     1 |     3 |     1 ||     5
Armor: Scale mail        |   230 |       |       |       |       ||   230
       Chain mail        |       |   588 |   109 |       |       ||   697
       Plate armour      |       |       |    72 |   497 |   412 ||   981
Dodge: Dodged            |   187 |   375 |    88 |   243 |   218 ||  1111
Block: Shield            |   264 |   621 |   162 |   585 |   613 ||  2245
